 Dungeon Crawl Stone Soup version 0.30.0-20-g3b4254fcbd (webtiles) character file.

Game seed: 7965209172608325458

1889 Graphine the Covert (level 9, -2/68 HPs)
             Began as a Merfolk Brigand on June 2, 2023.
             Was an Initiate of Dithmenos.
             Slain by an ice beast (12 damage)
             ... on level 6 of the Dungeon.
             The game lasted 00:14:56 (5642 turns).

Graphine the Covert (Merfolk Brigand)               Turns: 5642, Time: 00:14:57

Health: -2/68      AC:  2    Str: 11    XL:     9   Next: 15%
Magic:  0/9        EV: 16    Int: 16    God:    Dithmenos [......]
Gold:   231        SH:  0    Dex: 20    Spells: 8/8 levels left

rFire   . . .        a - +3 dagger
rCold   . . .        (no shield)
rNeg    . . .        b - +0 robe
rPois   .            (helmet restricted)
rElec   .            t - scarf {repulsion}
rCorr   .            (no gloves)
SInv    .            (no boots)
Will    .....        q - amulet of guardian spirit
Stlth   ++++         u - +6 ring of intelligence
HPRegen 0.31/turn    (no ring)
MPRegen 0.11/turn

%: repel missiles, guardian spirit
@: on berserk cooldown, slowed, very slow
A: (nimble swimmer 2), mertail, antennae 1
a: Renounce Religion


You were on level 6 of the Dungeon.
You worshipped Dithmenos.
Dithmenos was noncommittal.
You visited 2 branches of the dungeon, and saw 7 of its levels.

You collected 231 gold pieces.

Inventory:

Hand Weapons
 a - a +3 dagger (weapon)
Missiles
 d - 4 poisoned darts (quivered)
 e - a curare-tipped dart
Armour
 b - a +0 robe (worn)
 c - a +0 cloak
 t - a scarf of repulsion (worn)
Jewellery
 q - an amulet of guardian spirit (around neck)
 u - a +6 ring of intelligence (left hand)
Wands
 r - a wand of paralysis (10)
 y - a wand of acid (4)
Scrolls
 k - a scroll of teleportation
 o - a scroll of blinking
 z - a scroll of amnesia
Potions
 g - 2 potions of attraction
 i - a potion of magic
 j - a potion of mutation
 l - a potion of might {unknown}
 m - a potion of invisibility {unknown}
 n - a potion of brilliance {unknown}
 p - a potion of heal wounds {unknown}
 w - a potion of flight {unknown}


   Skills:
 + Level 5.5 Fighting
 + Level 6.1 Short Blades
 + Level 4.9 Throwing
 + Level 6.3 Dodging
 * Level 9.2 Stealth


You had 8 spell levels left.
You didn't know any spells.
Your spell library contained the following spells:

 Spells                   Type           Power      Damage    Failure   Level
 Blink                    Tloc           0%         N/A       36%         2
 Lesser Beckoning         Tloc           0%         N/A       36%         2
 Momentum Strike          Conj/Tloc      0%         3d8       36%         2
 Ignite Poison            Fire/Tmut/Pois 0%         N/A       58%         3
 Sticky Flame             Conj/Fire      0%         2d3       94%         4
 Ignition                 Fire           0%         3d3       100%        8


Dungeon Overview and Level Annotations

Branches:
Dungeon (6/15)             Temple (1/1) D:5

Altars:
Ashenzari
Dithmenos
Elyvilon
Fedhas
Hepliaklqana
Kikubaaqudgha
Makhleb
Nemelex Xobeh
Qazlal
Ru
Trog
Uskayaw
Vehumet
Wu Jian
Xom
Yredelemnul
Zin
The Shining One

Shops:
D:2 =   D:4 (

Annotations:
D:1 1 transporter
D:3 exclusion: oklob plant


Innate Abilities, Weirdness & Mutations

((You are very nimble when in or above water. (Stealth+, EV+, Speed+++)))
Your lower body shifts to a powerful aquatic tail in water.
You have a pair of small antennae on your head.


Message History

You hit the ice beast.
The ice beast is severely wounded.
The ice beast barely misses you. The phantom barely misses you.
You closely miss the ice beast.
The ice beast is severely wounded.
You closely miss the ice beast.
The ice beast is severely wounded.
The ice beast completely misses you. The phantom hits you.
The phantom blinks!
You blink.
Found a chain mail and a potion of curing.
You closely miss the phantom. You hit the phantom.
The phantom is moderately damaged.
The phantom closely misses you.
You barely miss the phantom.
The phantom is moderately damaged.
You puncture the phantom!
The phantom is heavily damaged.
The phantom misses you.
You hit the phantom.
The phantom is severely damaged.
You barely miss the phantom.
The phantom is severely damaged.
The phantom hits you.
You miss the phantom.
The phantom is severely damaged.
You puncture the phantom!
You destroy the phantom!
Dithmenos accepts your kill.
You feel a strong urge to attack something.
You are no longer berserk.
You are exhausted.
You feel yourself slow down. The ice beast hits you. The ice beast freezes you!
* * * LOW HITPOINT WARNING * * *
You closely miss the ice beast.
The ice beast is severely wounded.
The ice beast hits you.
* * * LOW HITPOINT WARNING * * *
The ice beast freezes you!
You die...

..'...########. ..#
###............ ..####
.......#######.###......
........#....#!.......#
#####...........[.....+
#.......#.#.####.# ..
#..<..#...#......# # .##
...<#.##########.# . $
..#+# ...##...........@##
.. #.#....
.>..............Y.#..
#.#....
.####...............
#.#....$. .#
#.######.....##...
#.#.#.... .#
#.....##.....#
....##......<. [#
#####.##....(#
##.....##.#.# .#
#.##.####...(.......#...#
.# #.##.# .
.###.....###.# .#
#.##.### #.....†.#..


You could see an ice beast.

Vanquished Creatures
  A water moccasin (D:6)
  3 black bears
  4 phantoms
  3 ogres (D:5)
  A bullfrog (D:6)
  3 scorpions
  A water moccasin zombie (D:4)
  A howler monkey (D:6)
  A hound (D:6)
  2 jellies (D:6)
  An orc priest (D:4)
  A sleepcap (D:6)
  4 iguanas
  Natasha (twice) (D:3)
  3 orc wizards
  A scorpion zombie (D:4)
  A hound zombie (D:4)
  5 gnolls
  5 adders
  2 shadow imps (D:6)
  An ufetubus (D:6)
  An adder zombie (D:4)
  An adder skeleton (D:4)
  A dart slug (D:4)
  11 orcs
  10 endoplasms
  A giant cockroach (D:4)
  8 goblins
  8 hobgoblins
  2 jackals (D:4)
  5 kobolds
  2 quokkas
  5 ball pythons
  5 bats
  4 frilled lizards (D:1)
  A quokka skeleton (D:4)
  6 rats
117 creatures vanquished.

Notes
Turn   | Place    | Note
-------+----------+-------------------------------------------
     0 | D:1      | Graphine the Merfolk Brigand began the quest for the Orb.
     0 | D:1      | Reached XP level 1. HP: 16/16 MP: 1/1
   123 | D:1      | Reached XP level 2. HP: 23/23 MP: 2/2
   258 | D:1      | Reached XP level 3. HP: 24/28 MP: 3/3
   775 | D:2      | Found Xidufios's Jewellery Shoppe.
   820 | D:2      | Found a hazy altar of Hepliaklqana.
   891 | D:2      | Reached skill level 5 in Stealth
  1152 | D:2      | Reached XP level 4. HP: 32/34 MP: 4/4
  1633 | D:3      | Found a burning altar of Makhleb.
  1695 | D:3      | Noticed Natasha
  1700 | D:3      | Killed Natasha
  1701 | D:3      | Reached XP level 5. HP: 41/41 MP: 5/5
  1727 | D:3      | You fall into a shaft and drop 3 floors!
  2186 | D:5      | Entered Level 5 of the Dungeon
  2186 | D:5      | Noticed an ogre
  2187 | D:5      | Noticed an ogre
  2201 | D:5      | Killed an ogre
  2202 | D:5      | Reached skill level 6 in Stealth
  2202 | D:5      | Reached XP level 6. HP: 40/47 MP: 6/6
  2239 | D:5      | Reached XP level 7. HP: 19/53 MP: 3/7
  2378 | D:5      | Found a bloodstained altar of Trog.
  2400 | D:5      | Reached skill level 7 in Stealth
  2465 | D:4      | Found a basalt altar of Yredelemnul.
  2512 | D:4      | Reached XP level 8. HP: 40/61 MP: 6/8
  2638 | D:4      | Found an ancient bone altar of Kikubaaqudgha.
  3045 | D:3      | Found a blossoming altar of Fedhas.
  3067 | D:3      | Noticed an oklob plant
  3542 | D:3      | Noticed Natasha
  3554 | D:3      | Killed Natasha
  3555 | D:3      | Reached skill level 5 in Short Blades
  3860 | D:4      | Reached skill level 5 in Dodging
  4362 | D:4      | Reached skill level 8 in Stealth
  4381 | D:4      | Found Sonoosk's Weapon Shop.
  4663 | D:5      | Found a staircase to the Ecumenical Temple.
  4727 | Temple   | Entered the Ecumenical Temple
  4908 | Temple   | Became a worshipper of Dithmenos the Shadowed
  4995 | D:5      | Gained mutation: You have a pair of small antennae on your
                  | head. [potion of mutation]
  5007 | D:5      | Found a sacrificial altar of Ru.
  5007 | D:5      | Found a broken altar of Ashenzari.
  5008 | D:5      | Found a hide-covered altar of Uskayaw.
  5040 | D:5      | Reached skill level 5 in Fighting
  5083 | D:5      | Found a glowing golden altar of the Shining One.
  5420 | D:6      | Reached skill level 9 in Stealth
  5420 | D:6      | Reached XP level 9. HP: 29/68 MP: 5/9
  5642 | D:6      | Slain by an ice beast

Illustrated notes

Levels and vault maps discovered:
D:1:      spicycebolla_arrival_transporter_tutorial, layout_basic
D:2:      layout_basic, serial_shops, shop_fountains, basic_altar
D:3:      layout_loops_ring, lemuel_crystal_altar, tgw_fedhas,
          grunt_ministairs_12, uniq_natasha
D:4:      layout_loops_corners, nicolae_kikubaaqudgha_miasma_corner,
          mainiacjoe_overflow_surrounded_room, serial_shops, shop,
          serial_undead, serial_undead_a, serial_undead_d, serial_undead_b,
          serial_undead_d
D:5:      layout_cave_pools, nicolae_tso_carved_into_rock, trog_ov_bears_minmay,
          chequers_temple_overflow_statue_of_worship, temple_pool_b
D:6:      minmay_spotlight, layout_basic, serial_shops,
          nicolae_shop_back_alley_shop, minmay_misc_feat_x
Temple:   hellmonk_temple_forest_ring

Skill      XL: |  1  2  3  4  5  6  7  8 |
---------------+-------------------------+-----
Dodging        | 2 3 4 6 |  6.3
Short Blades   | 3 4 6 |  6.1
Stealth        | 5 6 7 9 |  9.2
Fighting       | 3 4 5 |  5.5
Throwing       | 3 4 |  4.9

Action                     |  1- 3 |  4- 6 |  7- 9 || total
---------------------------+-------+-------+-------++-------
  Melee: Dagger            |    81 |    63 |   297 ||   441
         Punch             |     1 |     1 |     6 ||     8
         Tailslap          |       |       |     4 ||     4
  Throw: Dart              |     7 |    23 |    14 ||    44
         Throwing net      |       |       |     4 ||     4
  Evoke: Wand              |       |       |     4 ||     4
    Use: Scroll            |     3 |    10 |     4 ||    17
         Potion            |       |     1 |     3 ||     4
   Stab: Sleeping          |    16 |     3 |    16 ||    35
         Distracted        |       |       |     2 ||     2
         Held in net/web   |       |       |     1 ||     1
         Paralysed         |       |       |     1 ||     1
 Armour: Robe              |    14 |     8 |    33 ||    55
  Dodge: Dodged            |    37 |    46 |   148 ||   231
